[Event "Satka Autumn 2019"]
[Site "Satka"]
[Date "2019.09.25"]
[Round "7.1"]
[White "Mironenko, Galina"]
[Black "Schepetkova, Margarita"]
[Result "1/2-1/2"]
[ECO "B19"]
[WhiteElo "1982"]
[BlackElo "2194"]
[Annotator "NA"]
[PlyCount "125"]
[EventDate "2019.09.19"]
[EventType "swiss"]
[EventCountry "RUS"]
[SourceTitle "playchess.com"]
[Source "ChessBase"]
[SourceQuality "1"]
[TimeControl "5400+30"]

1. e4 c6 2. d4 d5 3. Nc3 dxe4 4. Nxe4 Bf5 5. Ng3 Bg6 6. h4 h6 7. Nf3 Nd7 8. h5 Bh7 9. Bd3 Bxd3 10. Qxd3 e6 11. Bd2 Ngf6 12. O-O-O Qc7 13. Ne4 O-O-O 14. g3 Be7 15. Kb1 Nxe4 16. Qxe4 c5 17. Bf4 Bd6 18. Bxd6 Qxd6 19. Qe2 Qb6 20. Rh4 cxd4 21. Rhxd4 Nc5 22. Ne5 Rxd4 23. Rxd4 f6 24. Rc4 Kb8 25. Rxc5 Rd8 26. Nd3 Rxd3 27. cxd3 Qxc5 28. Qxe6 Qxh5 29. Qg8+ Kc7 30. Qxg7+ Kc8 31. g4 Qh1+ 32. Kc2 Qf3 33. Qxh6 Qxf2+ 34. Qd2 Qf3 35. Qc3+ Kb8 36. Qd4 a6 37. Kb3 Qd1+ 38. Ka3 Ka8 39. Qd8+ Ka7 40. Qd4+ Ka8 41. Qc4 Qf3 42. Kb4 Qe2 43. Qc8+ Ka7 44. Qc5+ Ka8 45. Qd4 Qe1+ 46. Kb3 Qd1+ 47. Ka3 Qe2 48. Qd8+ Ka7 49. Qxf6 Qxg4 50. Qf2+ Ka8 51. Qf8+ Ka7 52. Qc5+ Ka8 53. d4 Qg3+ 54. Qc3 Qd6+ 55. b4 Qe6 56. Kb2 Qe2+ 57. Qc2 Qe6 58. Qd3 Qd5 59. Qc3 Qe6 60. Qf3 Qd6 61. Qc3 Qe6 62. Qd3 Qd5 63. Qc3 1/2-1/2

[Event "Satka Autumn 2019"]
[Site "Satka"]
[Date "2019.09.25"]
[Round "7.3"]
[White "Borisova, Ekaterina"]
[Black "Charochkina, Daria"]
[Result "1-0"]
[ECO "E62"]
[WhiteElo "2307"]
[BlackElo "2360"]
[Annotator "NA"]
[PlyCount "155"]
[EventDate "2019.09.19"]
[EventType "swiss"]
[EventCountry "RUS"]
[SourceTitle "playchess.com"]
[Source "ChessBase"]
[SourceQuality "1"]
[TimeControl "5400+30"]

1. d4 d6 2. Nf3 Nf6 3. c4 g6 4. Nc3 Bf5 5. g3 Bg7 6. Bg2 O-O 7. O-O Nc6 8. d5 Na5 9. Nd2 c5 10. e4 Bg4 11. Qc2 a6 12. Rb1 Rc8 13. f3 Bd7 14. b3 b5 15. Bb2 e6 16. dxe6 Bxe6 17. Ne2 Nc6 18. a3 Qb6 19. f4 Bg4 20. Bf3 Rfe8 21. Bxg4 Nxg4 22. Bxg7 Kxg7 23. h3 Nf6 24. g4 h6 25. Rf2 Nd4 26. Qd3 Re7 27. Nxd4 cxd4 28. Re2 Qc5 29. Rbe1 Nd7 30. Kg2 Nb6 31. Rc1 d5 32. exd5 Nxd5 33. Re4 Rxe4 34. Qxe4 Nf6 35. Qe5 Qc6+ 36. Kf2 Re8 37. Qxd4 Qc7 38. Re1 Rd8 39. Qe3 g5 40. Nf3 gxf4 41. Qe5 Qxe5 42. Nxe5 bxc4 43. bxc4 Rd2+ 44. Kf3 Ra2 45. Kxf4 Rxa3 46. Rb1 Rxh3 47. Rb7 Kg8 48. Rxf7 Nh7 49. Ra7 Rh1 50. Rxa6 Rf1+ 51. Ke3 Nf6 52. c5 Re1+ 53. Kf4 Nd5+ 54. Kf5 Ne7+ 55. Kf6 Nd5+ 56. Kg6 Ne7+ 57. Kf6 Nd5+ 58. Kf5 Ne7+ 59. Ke6 Ng6 60. Ra8+ Kg7 61. Ra7+ Kg8 62. Kf5 Nxe5 63. Re7 Rc1 64. Rxe5 Kf7 65. Ke4 Kf6 66. Rf5+ Ke6 67. Rh5 Rc4+ 68. Kf3 Kf7 69. Kg3 Rc1 70. Kf3 Rc4 71. Rd5 Kg6 72. Kg3 Rc1 73. Kf4 Rc4+ 74. Ke5 Rxg4 75. c6 Rc4 76. Kd6 h5 77. c7 h4 78. Rc5 1-0

[Event "Satka Autumn 2019"]
[Site "Satka"]
[Date "2019.09.25"]
[Round "7.4"]
[White "Nosacheva, Mariya"]
[Black "Dubnikova, Anastasia"]
[Result "1/2-1/2"]
[ECO "C54"]
[WhiteElo "2193"]
[BlackElo "2056"]
[Annotator "NA"]
[PlyCount "85"]
[EventDate "2019.09.19"]
[EventType "swiss"]
[EventCountry "RUS"]
[SourceTitle "playchess.com"]
[Source "ChessBase"]
[SourceQuality "1"]
[TimeControl "5400+30"]

1. e4 e5 2. Nf3 Nc6 3. Bc4 Bc5 4. c3 Nf6 5. d4 exd4 6. cxd4 Bb4+ 7. Bd2 Bxd2+ 8. Nbxd2 d5 9. exd5 Nxd5 10. Qb3 Nce7 11. O-O O-O 12. Rfe1 a5 13. Ne5 a4 14. Qf3 c6 15. Qh5 Be6 16. Ne4 Nf4 17. Qf3 Bxc4 18. Nxc4 Ne6 19. Rad1 Nd5 20. Nc5 Ng5 21. Qg3 b6 22. h4 bxc5 23. hxg5 cxd4 24. Rxd4 Re8 25. Red1 Qe7 26. Nd6 Red8 27. Nf5 Qe6 28. Ne3 Rd7 29. Rxa4 Re8 30. Rad4 Nxe3 31. Qxe3 Qxe3 32. fxe3 Rde7 33. R1d3 Kf8 34. Kf2 Re5 35. Rc3 c5 36. Rh4 Rf5+ 37. Kg1 Rd8 38. Rc2 Rd1+ 39. Kh2 Re1 40. Re4 Rxg5 41. b4 f5 42. Rxc5 Re2 43. Kh3 1/2-1/2

[Event "Satka Autumn 2019"]
[Site "Satka"]
[Date "2019.09.25"]
[Round "7.5"]
[White "Eidelson, Rakhil"]
[Black "Semenova, Elena"]
[Result "1/2-1/2"]
[ECO "C50"]
[WhiteElo "2064"]
[BlackElo "2303"]
[Annotator "NA"]
[PlyCount "95"]
[EventDate "2019.09.19"]
[EventType "swiss"]
[EventCountry "RUS"]
[SourceTitle "playchess.com"]
[Source "ChessBase"]
[SourceQuality "1"]
[TimeControl "5400+30"]

1. e4 e5 2. Nf3 Nc6 3. Bc4 Nf6 4. d3 Bc5 5. O-O O-O 6. c3 d5 7. exd5 Nxd5 8. b4 Be7 9. b5 Na5 10. Nxe5 Nxc4 11. Nxc4 a6 12. b6 Nxb6 13. Nxb6 cxb6 14. a4 Bf5 15. d4 Rc8 16. Bb2 Rc6 17. Nd2 Rg6 18. Kh1 Bd6 19. g3 Bg4 20. Qc2 Bh3 21. Rfe1 Qf6 22. Kg1 Bf4 23. Nf1 Bf5 24. Qe2 Qc6 25. c4 Bg4 26. Qe4 Qxe4 27. Rxe4 Bd6 28. Ree1 Rc8 29. Ne3 Be6 30. Rec1 f5 31. d5 Bd7 32. Bd4 f4 33. Ng2 fxg3 34. hxg3 Rg4 35. Bxb6 Rgxc4 36. Rxc4 Rxc4 37. a5 Kf7 38. Ne3 Rc3 39. Rb1 g6 40. Bd4 Rc7 41. Rb6 Ke7 42. Kg2 Bc8 43. Kf3 Rc1 44. Bb2 Rc7 45. Bd4 Rc1 46. Bb2 Rc7 47. Bd4 Rc1 48. Ke4 1/2-1/2

[Event "Satka Autumn 2019"]
[Site "Satka"]
[Date "2019.09.25"]
[Round "7.6"]
[White "Mukhina, Jana"]
[Black "Bykova, Anastasia"]
[Result "0-1"]
[ECO "B18"]
[WhiteElo "2083"]
[BlackElo "2259"]
[Annotator "NA"]
[PlyCount "92"]
[EventDate "2019.09.19"]
[EventType "swiss"]
[EventCountry "RUS"]
[SourceTitle "playchess.com"]
[Source "ChessBase"]
[SourceQuality "1"]
[TimeControl "5400+30"]

1. e4 c6 2. d4 d5 3. Nc3 dxe4 4. Nxe4 Bf5 5. Ng3 Bg6 6. h4 h6 7. Nf3 e6 8. h5 Bh7 9. Bd3 Bxd3 10. Qxd3 Nf6 11. Bd2 Be7 12. O-O-O O-O 13. Kb1 c5 14. Be3 Qc7 15. dxc5 Bxc5 16. Bxc5 Qxc5 17. Ne4 Nxe4 18. Qxe4 Nc6 19. g4 Rfd8 20. Rdg1 Nd4 21. Nxd4 Rxd4 22. Qe3 Qd5 23. Qb3 Rxg4 24. Qxd5 Rxg1+ 25. Qd1 Rxd1+ 26. Rxd1 g6 27. Rd7 b5 28. a4 bxa4 29. Rd4 Rc8 30. Rxa4 Rc7 31. b4 gxh5 32. b5 Rc5 33. c4 h4 34. Kb2 h3 35. Kb3 h2 36. Ra1 Rf5 37. Rh1 Rf3+ 38. Kb4 Rxf2 39. c5 Kf8 40. c6 Ke7 41. Rd1 Rd2 42. Ra1 Kd8 43. c7+ Kxc7 44. Rxa7+ Kb6 45. Ra6+ Kb7 46. Ra1 Rg2 0-1

[Event "Satka Autumn 2019"]
[Site "Satka"]
[Date "2019.09.25"]
[Round "7.7"]
[White "Petrenko, Svetlana"]
[Black "Benderac, Ana"]
[Result "1/2-1/2"]
[ECO "B07"]
[WhiteElo "2200"]
[BlackElo "2228"]
[Annotator "NA"]
[PlyCount "51"]
[EventDate "2019.09.19"]
[EventType "swiss"]
[EventCountry "RUS"]
[SourceTitle "playchess.com"]
[Source "ChessBase"]
[SourceQuality "1"]
[TimeControl "5400+30"]

1. e4 d6 2. d4 Nf6 3. Nc3 e5 4. dxe5 dxe5 5. Qxd8+ Kxd8 6. Bc4 Bb4 7. Bd2 Ke7 8. Nge2 Be6 9. Bxe6 Kxe6 10. f3 c6 11. O-O-O a5 12. g4 Rd8 13. h4 Na6 14. h5 g6 15. Ng3 b5 16. Nce2 Bxd2+ 17. Rxd2 Rxd2 18. Kxd2 Rd8+ 19. Kc1 Nc5 20. hxg6 hxg6 21. Rd1 Rh8 22. Rh1 Rd8 23. Rd1 Rh8 24. Rh1 Rd8 25. Rd1 Rh8 26. Rh1 1/2-1/2

[Event "Satka Autumn 2019"]
[Site "Satka"]
[Date "2019.09.25"]
[Round "7.8"]
[White "Prudnikova, Svetlana"]
[Black "Petrukhina, Olga"]
[Result "1/2-1/2"]
[ECO "D30"]
[WhiteElo "2234"]
[BlackElo "2192"]
[Annotator "NA"]
[PlyCount "63"]
[EventDate "2019.09.19"]
[EventType "swiss"]
[EventCountry "RUS"]
[SourceTitle "playchess.com"]
[Source "ChessBase"]
[SourceQuality "1"]
[TimeControl "5400+30"]

1. d4 d5 2. c4 e6 3. Nf3 Be7 4. Nc3 Nf6 5. cxd5 exd5 6. Qc2 c6 7. Bg5 Nh5 8. Bxe7 Kxe7 9. e4 Be6 10. e5 g6 11. Qd2 Nd7 12. Be2 Ng7 13. h4 h5 14. Ng5 Nf5 15. O-O-O Nf8 16. f3 Kd7 17. g4 Ng7 18. Qf4 Qe7 19. Qf6 Qxf6 20. exf6 Ne8 21. Nxe6 Nxe6 22. g5 Nd6 23. Bf1 Nf4 24. Ne2 Nxe2+ 25. Bxe2 Nf5 26. Bd3 Ne3 27. Rde1 Rae8 28. f4 Ng4 29. Rhf1 Nh2 30. Rh1 Ng4 31. Rhf1 Nh2 32. Rh1 1/2-1/2

[Event "Satka Autumn 2019"]
[Site "Satka"]
[Date "2019.09.25"]
[Round "7.9"]
[White "Trapeznikova, Darya"]
[Black "Makarenko, Alexandra"]
[Result "0-1"]
[ECO "D70"]
[WhiteElo "2085"]
[BlackElo "2169"]
[Annotator "NA"]
[PlyCount "112"]
[EventDate "2019.09.19"]
[EventType "swiss"]
[EventCountry "RUS"]
[SourceTitle "playchess.com"]
[Source "ChessBase"]
[SourceQuality "1"]
[TimeControl "5400+30"]

1. d4 Nf6 2. c4 g6 3. Nf3 Bg7 4. Nc3 O-O 5. Bf4 d6 6. e3 Nfd7 7. Be2 e5 8. Bg3 Nc6 9. O-O h6 10. h3 Kh7 11. a3 f5 12. b4 g5 13. d5 Ne7 14. Qc2 Ng6 15. Rac1 e4 16. Nd4 Bxd4 17. exd4 f4 18. Bh2 Nf6 19. Nxe4 Nxe4 20. Qxe4 Bf5 21. Qf3 Kg7 22. Qc3 Nh4 23. g3 f3 24. gxh4 fxe2 25. Rfe1 Qe7 26. Qd2 Rae8 27. hxg5 Qxg5+ 28. Qxg5+ hxg5 29. c5 Rf6 30. Rc3 Kg6 31. b5 g4 32. hxg4 Bxg4 33. a4 Bf3 34. cxd6 cxd6 35. Re3 Rxe3 36. fxe3 Kf5 37. Kf2 Ke4 38. Bf4 Rg6 39. Bg3 Bg4 40. Bf4 Kxd5 41. Rg1 Ke4 42. a5 Kd3 43. b6 a6 44. d5 Ke4 45. Bxd6 Kxd5 46. Bf4 Ke4 47. Ra1 Bh5 48. Bg3 Kd3 49. Bf4 Rg8 50. Ra3+ Kc2 51. Ra1 Rd8 52. Re1 Rd5 53. e4 Rd4 54. Rc1+ Kd3 55. Rc5 Rxe4 56. Rd5+ Kc4 0-1

[Event "Satka Autumn 2019"]
[Site "Satka"]
[Date "2019.09.25"]
[Round "7.10"]
[White "Mar, Karmen"]
[Black "Loskutova, Viktoriya"]
[Result "1/2-1/2"]
[ECO "B53"]
[WhiteElo "2026"]
[BlackElo "2162"]
[Annotator "NA"]
[PlyCount "90"]
[EventDate "2019.09.19"]
[EventType "swiss"]
[EventCountry "RUS"]
[SourceTitle "playchess.com"]
[Source "ChessBase"]
[SourceQuality "1"]
[TimeControl "5400+30"]

1. e4 c5 2. Nf3 d6 3. d4 cxd4 4. Qxd4 Nc6 5. Bb5 Nf6 6. Nc3 Bd7 7. Bxc6 Bxc6 8. Bg5 e6 9. O-O-O Be7 10. Qd3 Qa5 11. h4 h6 12. Bd2 Qa6 13. Qxa6 bxa6 14. Rde1 Ng4 15. Re2 Rb8 16. Bf4 O-O 17. Rd1 Rfd8 18. Red2 e5 19. Bg3 Nf6 20. Re1 Rdc8 21. Nh2 Nh5 22. Nf1 f5 23. exf5 Bxg2 24. Ne3 Ba8 25. Ned5 Bf8 26. Ne4 Rb5 27. Red1 Rc4 28. Nec3 Rbc5 29. Ne3 Rb4 30. Ned5 Rbc4 31. Ne3 Rb4 32. Ned5 Rb8 33. Ne4 Rc4 34. Nec3 Nf6 35. Nxf6+ gxf6 36. Nd5 Kf7 37. b3 Rg4 38. c4 h5 39. Kc2 Rc8 40. Kb2 Rg8 41. Rg1 Bc6 42. Rd3 Bd7 43. Ne3 Bc6 44. Nd5 Bd7 45. Ne3 Bc6 1/2-1/2

[Event "Satka Autumn 2019"]
[Site "Satka"]
[Date "2019.09.25"]
[Round "7.11"]
[White "Filippova, Darya"]
[Black "Turebayeva, Alfiya"]
[Result "1-0"]
[ECO "A01"]
[WhiteElo "2110"]
[BlackElo "2076"]
[Annotator "NA"]
[PlyCount "71"]
[EventDate "2019.09.19"]
[EventType "swiss"]
[EventCountry "RUS"]
[SourceTitle "playchess.com"]
[Source "ChessBase"]
[SourceQuality "1"]
[TimeControl "5400+30"]

1. b3 d5 2. Bb2 c5 3. e3 Nc6 4. Nf3 Bg4 5. Be2 Nf6 6. O-O e6 7. d4 cxd4 8. Nxd4 Bxe2 9. Qxe2 Be7 10. Nxc6 bxc6 11. c4 O-O 12. Nc3 Qa5 13. Rad1 Rfd8 14. Rd4 e5 15. Rdd1 Ba3 16. Ba1 d4 17. Nb1 c5 18. f4 exf4 19. exd4 cxd4 20. Nxa3 Qxa3 21. Rxf4 Re8 22. Qf2 d3 23. Bxf6 gxf6 24. Rg4+ Kf8 25. Qxf6 Qc5+ 26. Kh1 Qe5 27. Qh6+ Ke7 28. Rg3 Kd8 29. Rgxd3+ Kc7 30. Rd7+ Kb8 31. h3 Qg3 32. Qd2 a5 33. Rd8+ Rxd8 34. Qxd8+ Kb7 35. Qe7+ Kc6 36. Qe4+ {[%emt 0:00:10] Kd5} 1-0

[Event "Satka Autumn 2019"]
[Site "Satka"]
[Date "2019.09.25"]
[Round "7.12"]
[White "Mirzaeva, Gulnara"]
[Black "Kalenichenko, Alina"]
[Result "1-0"]
[ECO "B81"]
[WhiteElo "1936"]
[BlackElo "1597"]
[Annotator "NA"]
[PlyCount "89"]
[EventDate "2019.09.19"]
[EventType "swiss"]
[EventCountry "RUS"]
[SourceTitle "playchess.com"]
[Source "ChessBase"]
[SourceQuality "1"]
[TimeControl "5400+30"]

1. e4 c5 2. Nf3 e6 3. d4 cxd4 4. Nxd4 Nf6 5. Nc3 d6 6. g4 h6 7. h4 Be7 8. Rg1 Nc6 9. g5 hxg5 10. hxg5 Nd7 11. g6 Nde5 12. gxf7+ Nxf7 13. Nxc6 bxc6 14. Rxg7 Bg5 15. Bxg5 Nxg5 16. Qg4 Nf7 17. O-O-O Qf6 18. Bg2 Bb7 19. Rg6 Rh4 20. Rxf6 Rxg4 21. Bh3 Rh4 22. Bxe6 Ne5 23. f4 Ng4 24. Bxg4 Rxg4 25. Rdxd6 Ke7 26. Rfe6+ Kf7 27. f5 Ba6 28. Rd7+ Kf8 29. Rg6 Rh4 30. f6 Rh1+ 31. Kd2 Rh2+ 32. Ke3 Rh3+ 33. Kf4 Bc8 34. Rc7 Rh4+ 35. Kg3 Rh3+ 36. Kg2 Be6 37. Rxc6 Bf7 38. Kxh3 Bxg6 39. Kg4 Rb8 40. Kg5 Bf7 41. e5 Rxb2 42. Rc8+ Be8 43. e6 Rxc2 44. f7 Rg2+ 45. Kh4 1-0

[Event "Satka Autumn 2019"]
[Site "Satka"]
[Date "2019.09.26"]
[Round "8.1"]
[White "Mironenko, Galina"]
[Black "Guseva, Marina"]
[Result "1-0"]
[ECO "B18"]
[WhiteElo "1982"]
[BlackElo "2374"]
[Annotator "NA"]
[PlyCount "99"]
[EventDate "2019.09.19"]
[EventType "swiss"]
[EventCountry "RUS"]
[SourceTitle "playchess.com"]
[Source "ChessBase"]
[SourceQuality "1"]
[TimeControl "5400+30"]

1. e4 c6 2. d4 d5 3. Nc3 dxe4 4. Nxe4 Bf5 5. Ng3 Bg6 6. h4 h6 7. Nf3 e6 8. h5 Bh7 9. Bd3 Bxd3 10. Qxd3 Nf6 11. Bd2 Be7 12. O-O-O O-O 13. Ne4 Nxe4 14. Qxe4 Qd5 15. Qxd5 cxd5 16. g4 Nc6 17. Kb1 b5 18. Rhg1 Rfe8 19. Rde1 b4 20. g5 hxg5 21. Bxg5 Bxg5 22. Rxg5 f6 23. Rg4 Kf7 24. Reg1 Rg8 25. Rf4 Ke7 26. Rfg4 Kd6 27. Kc1 Rh8 28. Rxg7 Rxh5 29. Rf7 Rf5 30. Rg3 Rf4 31. c3 bxc3 32. bxc3 Rb8 33. Kc2 Ne7 34. Nd2 Rxf2 35. c4 Nf5 36. c5+ Kc6 37. Rd3 Rb7 38. Rf8 Rg7 39. Kc3 Ng3 40. Rc8+ Kd7 41. Ra8 Ne2+ 42. Kb4 Kc6 43. Nb3 Rb7+ 44. Ka3 Kb5 45. Rd2 Rc7 46. Rb2 Kc6 47. Rd8 Rg7 48. Na5+ Kc7 49. Rbb8 Rg3+ 50. Kb4 1-0

[Event "Satka Autumn 2019"]
[Site "Satka"]
[Date "2019.09.26"]
[Round "8.2"]
[White "Schepetkova, Margarita"]
[Black "Borisova, Ekaterina"]
[Result "0-1"]
[ECO "E01"]
[WhiteElo "2194"]
[BlackElo "2307"]
[Annotator "NA"]
[PlyCount "116"]
[EventDate "2019.09.19"]
[EventType "swiss"]
[EventCountry "RUS"]
[SourceTitle "playchess.com"]
[Source "ChessBase"]
[SourceQuality "1"]
[TimeControl "5400+30"]

1. d4 Nf6 2. c4 e6 3. g3 d5 4. Bg2 Bb4+ 5. Nd2 O-O 6. Ngf3 dxc4 7. Qc2 a5 8. O-O b5 9. a4 c6 10. Rd1 Bb7 11. b3 cxb3 12. Nxb3 Nbd7 13. Ne5 Nd5 14. Bxd5 cxd5 15. axb5 Nxe5 16. dxe5 Rc8 17. Qb1 Qb6 18. Be3 Qxb5 19. Nxa5 Ba6 20. Nb3 Bc3 21. Nd4 Qxb1 22. Raxb1 Bxd4 23. Rxd4 Bxe2 24. Kg2 h5 25. f3 Rc2 26. Rc1 Rxc1 27. Bxc1 Rc8 28. Be3 Kh7 29. Rh4 Kg6 30. g4 hxg4 31. Rxg4+ Kh7 32. h4 Rc2 33. Rd4 Bd3+ 34. Kg3 Bg6 35. Bd2 Bh5 36. Kf4 Kg6 37. Ke3 f6 38. exf6 gxf6 39. Rd3 Kf5 40. Rd4 Ra2 41. Bb4 Rh2 42. Rf4+ Kg6 43. Be7 f5 44. Rd4 Rh3 45. Kf4 Rxf3+ 46. Ke5 Re3+ 47. Kd6 Bf3 48. Bg5 Re2 49. Bf4 Kh5 50. Be5 Be4 51. Kxe6 Kxh4 52. Rb4 Ra2 53. Bc7 Kg4 54. Rb8 d4 55. Be5 Ra6+ 56. Kf7 d3 57. Rd8 Kf3 58. Bc3 Ke2 0-1

[Event "Satka Autumn 2019"]
[Site "Satka"]
[Date "2019.09.26"]
[Round "8.3"]
[White "Bykova, Anastasia"]
[Black "Nosacheva, Mariya"]
[Result "1/2-1/2"]
[ECO "A45"]
[WhiteElo "2259"]
[BlackElo "2193"]
[Annotator "NA"]
[PlyCount "120"]
[EventDate "2019.09.19"]
[EventType "swiss"]
[EventCountry "RUS"]
[SourceTitle "playchess.com"]
[Source "ChessBase"]
[SourceQuality "1"]
[TimeControl "5400+30"]

1. d4 Nf6 2. g3 g6 3. Bg2 Bg7 4. e4 d6 5. Nc3 O-O 6. Nge2 c5 7. dxc5 dxc5 8. e5 Qxd1+ 9. Nxd1 Ng4 10. f4 f6 11. h3 Nh6 12. exf6 exf6 13. Kf2 Na6 14. c3 Rb8 15. Ne3 Be6 16. Nd5 Nf5 17. Rd1 Rbd8 18. g4 Nd6 19. f5 gxf5 20. Nef4 Bf7 21. Ne7+ Kh8 22. Nxf5 Nxf5 23. Rxd8 Rxd8 24. gxf5 b6 25. Be3 Nc7 26. Rc1 Bh6 27. c4 Re8 28. Rd1 Bxc4 29. Rd7 Nb5 30. b3 Bg8 31. Ng6+ hxg6 32. Bxh6 gxf5 33. Bc6 a6 34. Bg7+ Kh7 35. Bf8+ Kh8 36. Bg7+ Kh7 37. Bxf6+ Kg6 38. Bb2 Bf7 39. Rb7 Rd8 40. Rxb6 Rd2+ 41. Kg3 Rxb2 42. Bxb5+ Kg7 43. Rxa6 Bxb3 44. a4 c4 45. Rc6 f4+ 46. Kxf4 Ra2 47. Kg5 Bxa4 48. Rc7+ Kf8 49. Bxc4 Rg2+ 50. Kf6 Rf2+ 51. Ke5 Be8 52. Be6 Bf7 53. Bf5 Kg7 54. Ra7 Rf1 55. Be4 Kh6 56. h4 Kh5 57. Ra4 Bg6 58. Bd5 Rf2 59. Bb3 Bc2 60. Ra2 Rf5+ {[%emt 0:00:08] Ke4} 1/2-1/2

[Event "Satka Autumn 2019"]
[Site "Satka"]
[Date "2019.09.26"]
[Round "8.4"]
[White "Lysenko, Margarita"]
[Black "Charochkina, Daria"]
[Result "1/2-1/2"]
[ECO "A40"]
[WhiteElo "2249"]
[BlackElo "2360"]
[Annotator "NA"]
[PlyCount "108"]
[EventDate "2019.09.19"]
[EventType "swiss"]
[EventCountry "RUS"]
[SourceTitle "playchess.com"]
[Source "ChessBase"]
[SourceQuality "1"]
[TimeControl "5400+30"]

1. d4 g6 2. c4 Bg7 3. Nf3 c5 4. d5 f5 5. g3 Nf6 6. Nc3 d6 7. Bg2 O-O 8. O-O Na6 9. Ne1 Nc7 10. Nd3 e5 11. dxe6 Bxe6 12. Qb3 Rb8 13. a4 Bf7 14. Nf4 Re8 15. Nb5 a6 16. Nxc7 Qxc7 17. a5 g5 18. Nd3 h6 19. Qc2 Rbc8 20. b3 Qe7 21. Re1 d5 22. Bb2 Ne4 23. Bxg7 Kxg7 24. cxd5 Bxd5 25. f3 Nf6 26. e4 Bxb3 27. Qc3 c4 28. exf5 Qd6 29. Nf2 Qc5 30. Kf1 Kf7 31. f4 gxf4 32. Bxb7 Rcd8 33. Bf3 Qxf5 34. Kg2 Nd5 35. Bxd5+ Qxd5+ 36. Kg1 fxg3 37. hxg3 Kg6 38. Re3 Rxe3 39. Qxe3 Qd4 40. Qe6+ Qf6 41. Qe4+ Kg7 42. Qb7+ Kh8 43. Re1 Rg8 44. Ne4 Qd4+ 45. Kh2 Bc2 46. Qb6 Qg7 47. Qf2 Bxe4 48. Rxe4 c3 49. Rc4 Rd8 50. Qf5 Re8 51. Rc8 Rxc8 52. Qxc8+ Kh7 53. Qf5+ Kg8 54. Qe6+ Kh7 1/2-1/2

[Event "Satka Autumn 2019"]
[Site "Satka"]
[Date "2019.09.26"]
[Round "8.5"]
[White "Dubnikova, Anastasia"]
[Black "Petrenko, Svetlana"]
[Result "1-0"]
[ECO "A04"]
[WhiteElo "2056"]
[BlackElo "2200"]
[Annotator "NA"]
[PlyCount "110"]
[EventDate "2019.09.19"]
[EventType "swiss"]
[EventCountry "RUS"]
[SourceTitle "playchess.com"]
[Source "ChessBase"]
[SourceQuality "1"]
[TimeControl "5400+30"]

1. Nf3 b5 2. d4 Bb7 3. e4 a6 4. Bd3 d6 5. a4 b4 6. a5 e6 7. c3 c5 8. cxb4 cxb4 9. Nbd2 d5 10. e5 Ne7 11. h4 h6 12. Nb3 Nd7 13. Bd2 Nc6 14. h5 Qb8 15. Rh4 f5 16. g4 Be7 17. gxf5 Ndxe5 18. dxe5 Bxh4 19. Nxh4 Qxe5+ 20. Qe2 O-O 21. Ng6 Qxe2+ 22. Kxe2 Rfe8 23. fxe6 Rxe6+ 24. Kf1 Ree8 25. Ra4 Bc8 26. Nc5 Ne5 27. Nxe5 Rxe5 28. Bf4 Rxh5 29. Rxb4 Rh1+ 30. Kg2 Ra1 31. Nb3 Re1 32. Be3 h5 33. Rd4 Rb8 34. Nc5 Rxb2 35. Bg5 Re5 36. Bf4 Re8 37. Rxd5 Bg4 38. Rg5 Rb4 39. Be5 Re7 40. f3 Bd7 41. Bd6 Rf7 42. Rxh5 Rf6 43. Be5 Rxf3 44. Bh7+ Kf7 45. Nxd7 Ra3 46. Bg3 Rb2+ 47. Kh3 Rb5 48. Ne5+ Kf6 49. Rf5+ Ke6 50. Rf8 Ke7 51. Rf7+ Ke8 52. Bg6 Rbb3 53. Rxg7+ Kf8 54. Rf7+ Ke8 55. Rf3+ Kd8 1-0

[Event "Satka Autumn 2019"]
[Site "Satka"]
[Date "2019.09.26"]
[Round "8.7"]
[White "Benderac, Ana"]
[Black "Filippova, Darya"]
[Result "1-0"]
[ECO "A91"]
[WhiteElo "2228"]
[BlackElo "2110"]
[Annotator "NA"]
[PlyCount "93"]
[EventDate "2019.09.19"]
[EventType "swiss"]
[EventCountry "RUS"]
[SourceTitle "playchess.com"]
[Source "ChessBase"]
[SourceQuality "1"]
[TimeControl "5400+30"]

1. d4 e6 2. c4 f5 3. g3 Nf6 4. Bg2 Be7 5. Nh3 O-O 6. O-O d5 7. b3 c6 8. Ba3 Re8 9. Bxe7 Rxe7 10. Qc2 Nbd7 11. Nf4 g5 12. Nd3 Rg7 13. Nd2 Nf8 14. Qb2 Bd7 15. b4 Be8 16. Ne5 Ng6 17. a4 Rc8 18. a5 a6 19. Nb3 Nd7 20. Nxd7 Qxd7 21. Nc5 Qd6 22. Ra3 Rcc7 23. Re1 Rce7 24. Nd3 h5 25. Ne5 g4 26. h4 gxh3 27. Bxh3 Nxe5 28. dxe5 Qd8 29. Qd4 Rd7 30. c5 h4 31. Kh2 hxg3+ 32. Rxg3 Rxg3 33. fxg3 Rg7 34. Qf4 Qg5 35. Qxg5 Rxg5 36. Rf1 Bf7 37. e3 Kf8 38. Rf4 Ke7 39. Bf1 Be8 40. Be2 Rg7 41. Rh4 Bg6 42. Rh8 Rh7+ 43. Rxh7+ Bxh7 44. Bh5 d4 45. exd4 f4 46. gxf4 Bf5 47. Kg3 1-0

[Event "Satka Autumn 2019"]
[Site "Satka"]
[Date "2019.09.26"]
[Round "8.8"]
[White "Petrukhina, Olga"]
[Black "Eidelson, Rakhil"]
[Result "1-0"]
[ECO "A48"]
[WhiteElo "2192"]
[BlackElo "2064"]
[Annotator "NA"]
[PlyCount "161"]
[EventDate "2019.09.19"]
[EventType "swiss"]
[EventCountry "RUS"]
[SourceTitle "playchess.com"]
[Source "ChessBase"]
[SourceQuality "1"]
[TimeControl "5400+30"]

1. d4 Nf6 2. Nf3 g6 3. c4 Bg7 4. Nc3 O-O 5. Bg5 c5 6. e3 d6 7. Be2 Na6 8. h3 b6 9. O-O Nc7 10. a3 Ne6 11. Bh4 cxd4 12. Nxd4 Nxd4 13. exd4 Bb7 14. d5 Rc8 15. a4 Nd7 16. Qd2 Nc5 17. Ra3 a5 18. Re1 Re8 19. Bg4 f5 20. Bd1 Nd7 21. Be2 Nf6 22. Bf1 Ba6 23. b3 Ra8 24. f3 Bc8 25. Raa1 Nd7 26. Rab1 Nc5 27. Nb5 Bb7 28. Nd4 Rc8 29. Ne6 Nxe6 30. Rxe6 Qc7 31. Rbe1 Bf8 32. Bf2 Rb8 33. Bd3 Bg7 34. h4 Bc8 35. R6e2 e5 36. dxe6 Qe7 37. h5 Qf6 38. Bc2 Bb7 39. Qxd6 Rbd8 40. Qf4 Bf8 41. hxg6 hxg6 42. e7 Rxe7 43. Rxe7 Bxe7 44. Qc7 Bb4 45. Rd1 Rxd1+ 46. Bxd1 Qa1 47. Qd8+ Kf7 48. Bxb6 Be7 49. Qd2 Qe5 50. f4 Qe6 51. Bf2 Bb4 52. Qe3 Qf6 53. Qd4 Qe6 54. Qa7 Qe7 55. Bf3 Bxf3 56. Qxe7+ Kxe7 57. gxf3 Bd2 58. Bb6 Kd7 59. Kf2 Kc6 60. Ke2 Bb4 61. Bd8 Kd7 62. Bf6 Kc6 63. Kd3 Bd6 64. Bd8 Bb4 65. Kd4 Kd6 66. Bb6 Bd2 67. Kd3 Bb4 68. Bd4 Kc6 69. Bc3 Bd6 70. Bxa5 Bxf4 71. Bc3 g5 72. b4 g4 73. fxg4 fxg4 74. Ke4 Bd6 75. a5 Bb8 76. Bd4 Kb7 77. b5 Bc7 78. a6+ Ka8 79. c5 Bh2 80. c6 g3 81. Kf3 1-0

[Event "Satka Autumn 2019"]
[Site "Satka"]
[Date "2019.09.26"]
[Round "8.9"]
[White "Svetlova, Ksenia"]
[Black "Prudnikova, Svetlana"]
[Result "0-1"]
[ECO "B80"]
[WhiteElo "1875"]
[BlackElo "2234"]
[Annotator "NA"]
[PlyCount "64"]
[EventDate "2019.09.19"]
[EventType "swiss"]
[EventCountry "RUS"]
[SourceTitle "playchess.com"]
[Source "ChessBase"]
[SourceQuality "1"]
[TimeControl "5400+30"]

1. e4 c5 2. Nf3 e6 3. d4 cxd4 4. Nxd4 Nf6 5. Nc3 d6 6. Be3 Be7 7. Bc4 a6 8. a4 Qc7 9. Bb3 O-O 10. a5 Nc6 11. Nxc6 bxc6 12. O-O c5 13. Qf3 Bb7 14. Qf4 Kh8 15. f3 Nd7 16. Rfd1 Rac8 17. Bc4 Ne5 18. Be2 f5 19. exf5 Rxf5 20. Qg3 d5 21. f4 Ng6 22. Bg4 d4 23. Bxf5 exf5 24. Na4 Bh4 25. Qh3 dxe3 26. Qxe3 Nxf4 27. Rd2 Bc6 28. Nc3 Re8 29. Qxc5 Qb7 30. Qb6 Qa8 31. g3 Nh3+ 32. Kf1 Bb5+ 0-1